 Dungeon Sprint DCSS version 0.31-a0-1009-g454b1f1e0a (webtiles) character file.

Game seed: 14294800920009791729

112 BinkBink the Skirmisher (level 4, -6/22 HPs)
             Began as a Spriggan Hunter on Nov 15, 2023.
             Killed from afar by a deep elf pyromancer (28 damage)
             ... with a bolt of fire
             ... in the Dungeon (Sprint III: "The Ten Rune Challenge").
             The game lasted 00:02:18 (616 turns).

BinkBink the Skirmisher (Spriggan Hunter)            Turns: 616, Time: 00:02:19

Health: -6/22      AC:  3    Str:  7    XL:     4   Next: 63%
Magic:  5/5        EV: 18    Int: 10    God:
Gold:   20         SH:  0    Dex: 20    Spells: 3/3 levels left

rFire   . . .        a - +0 shortbow
rCold   . . .        (shield currently unavailable)
rNeg    . . .        c - +0 robe
rPois   .            (helmet restricted)
rElec   .            k - +0 cloak
rCorr   .            (gloves unavailable)
SInv    +            (boots unavailable)
Will    .....        (no amulet)
Stlth   ++           (no ring)
HPRegen 0.23/turn    (no ring)
MPRegen 0.09/turn

%: no teleportation
@: very quick
A: very small, no large weapons, unfitting armour, see invisible, speed 3
a: no special abilities


You were in the Dungeon.
You visited 1 branch You collected 20 gold pieces.

Inventory:

Hand Weapons
 a - a +0 shortbow (weapon)
Armour
 c - a +0 robe (worn)
 k - a +0 cloak (worn)
Scrolls
 b - a scroll of butterflies
 i - a scroll of blinking
 j - 4 scrolls of identify
 m - a scroll of torment {unknown}
 o - a scroll of immolation {unknown}
Potions
 d - a potion of curing
 e - a potion of heal wounds
 f - a potion of haste
 g - 2 potions of magic
 h - a potion of berserk rage
 l - 3 potions of mutation {unknown}
 n - 3 potions of enlightenment
 p - 2 potions of cancellation {unknown}


   Skills:
 - Level 1.5 Fighting
 + Level 10.1 Ranged Weapons
 - Level 2.6 Dodging
 - Level 1.5 Stealth


You had 3 spell levels left.
You didn't know any spells.
Your spell library was empty.

Dungeon Overview and Level Annotations

Branches:
Dungeon (1/1)

Altars:
Elyvilon
Zin
The Shining One


Innate Abilities, Weirdness & Mutations

You are very small and have problems with some larger weapons.
You are too small for most types of armour.
You have supernaturally acute eyesight. (SInv)
You cover ground extremely quickly. (Speed+++)


Message History

You now have 9 gold pieces.
l - a glowing pink potion;
m - a scroll labelled CAFATY XAME
j - 2 scrolls of identify (gained 1);
l - 2 glowing pink potions (gained 1)
n - 2 potions of enlightenment
l - 3 glowing pink potions (gained 1);
o - a scroll labelled XUIK QALUETT
j - 4 scrolls of identify (gained 2);
p - 2 fizzy ruby potions
n - 3 potions of enlightenment (gained 1)
You now have 20 gold pieces (gained 11).
There is an open door here.
There is an open door to the Ecumenical Temple here.
As you open the door, it creaks loudly!
You hear a shout!
A deep elf pyromancer comes into view.
It is wielding a +1 long sword of holy wrath.
Found three altars.
You close the door.
There is a fountain of clear blue water here.
A deep elf pyromancer opens the door.
There is an open door to the Ecumenical Temple here.
You shoot an arrow. The arrow hits the deep elf pyromancer.
The deep elf pyromancer is lightly wounded.
The deep elf pyromancer gestures wildly while chanting.
You shoot an arrow. The arrow hits the deep elf pyromancer.
The deep elf pyromancer is moderately wounded.
The deep elf pyromancer points at you and mumbles some strange words.
The bolt of fire misses you.
You shoot an arrow. The arrow hits the deep elf pyromancer.
The deep elf pyromancer is moderately wounded.
You shoot an arrow. The arrow hits the deep elf pyromancer!
The deep elf pyromancer is heavily wounded.
You shoot an arrow. The arrow hits the deep elf pyromancer.
The deep elf pyromancer is severely wounded.
The deep elf pyromancer points at you and mumbles some strange words.
The bolt of fire misses you.
You shoot an arrow.
The arrow barely misses the deep elf pyromancer.
You shoot an arrow.
The arrow closely misses the deep elf pyromancer.
The deep elf pyromancer gestures at you while chanting.
The bolt of fire hits you!!
Ouch! That really hurt!
You die...

▓..##.......#..#..# ..#
▓##.##.##...#..#..###'#+###+
##.##.###..##'#..#..°......
▓#.####.##..###...'.°.......
▓.###..##..####...#...######
▓#)....##..###....#.⌠.#
###..##...##.e...#...#
##..##....#......#+###
#..###..##@#.....# #..#
#..#####....# ▓▓▓▓ ▓▓▓▓
▓▓▓▓▓▓


You could see a deep elf pyromancer.

Vanquished Creatures
  A water elemental (D)
  Crazy Yiuf (D)
  A human (D)
  2 endoplasms (D)
  2 rats (D)
7 creatures vanquished.

Notes
Turn   | Place    | Note
-------+----------+-------------------------------------------
     0 | D        | BinkBink the Spriggan Hunter began the quest for the Orb.
     0 | D        | Reached XP level 1. HP: 10/10 MP: 2/2
    29 | D        | Reached skill level 5 in Ranged Weapons
   291 | D        | Noticed Crazy Yiuf
   427 | D        | Killed Crazy Yiuf
   428 | D        | Reached skill level 7 in Ranged Weapons
   428 | D        | Reached XP level 2. HP: 14/14 MP: 3/3
   428 | D        | Reached XP level 3. HP: 18/18 MP: 4/4
   480 | D        | Reached skill level 8 in Ranged Weapons
   506 | D        | Noticed a water elemental
   549 | D        | Killed a water elemental
   550 | D        | Reached skill level 10 in Ranged Weapons
   550 | D        | Reached XP level 4. HP: 22/22 MP: 5/5
   597 | D        | Found a glowing silver altar of Zin.
   597 | D        | Found a glowing golden altar of the Shining One.
   597 | D        | Found a white marble altar of Elyvilon.
   597 | D        | Noticed a deep elf pyromancer
   604 | D        | Noticed a fire elemental
   616 | D        | Killed from afar by a deep elf pyromancer

Illustrated notes

Levels and vault maps discovered:
D:        dungeon_sprint_mu [sprint_mu_entry_cave, sprint_mu_temple_rooms,
          sprint_mu_d1_horrors, sprint_mu_d2_genie, sprint_mu_d3_branching,
          sprint_mu_orc_legion, sprint_mu_elf_gauntlet, sprint_mu_hive_nellie,
          sprint_mu_lair_fedhas, sprint_mu_vaults_butterflies,
          sprint_mu_slime_circle, sprint_mu_shoals_archi,
          sprint_mu_snake_twists, sprint_mu_blade_basic,
          sprint_mu_crypt_chambers, sprint_mu_tomb_spiral,
          sprint_mu_vestibule_basic, sprint_mu_gehenna_hellfire,
          sprint_mu_dis_giant, sprint_mu_tartarus_statrot,
          sprint_mu_cocytus_islands, sprint_mu_zot1]

Skill      XL: |  1  2  3 |
---------------+----------+-----
Ranged Weapons | 7 10 | 10.1
Fighting       | |  1.5
Dodging        | |  2.6
Stealth        | |  1.5

Action                     |  1- 3 |  4- 6 || total
---------------------------+-------+-------++-------
   Fire: Shortbow          |    66 |     7 ||    73
 Armour: Robe              |     3 |     1 ||     4
  Dodge: Dodged            |    14 |     2 ||    16

Table legend: (Time is in decaauts)
 A = Elapsed time spent in this place.
 B = Non-inter-level travel time spent in this place.
 C = Inter-level travel time spent in this place.
 D = Time resting spent in this place.
 E = Time spent auto-exploring this place.
 F = Levels seen in this place.
 G = Mean time per level.
                   A        B        C        D        E       F      G
               +--------+--------+--------+--------+--------+-----+--------+
         Total |    500 |    500 |      0 |    227 |     70 |   1 |  500.0 |
       Dungeon |    500 |    500 |      0 |    227 |     70 |   1 |  500.0 |
               +--------+--------+--------+--------+--------+-----+--------+

Top non-repeatable levels by time:
       D: 500 daAuts
